 Dungeon Crawl Stone Soup version 0.20.1-1-g8b1a95d (webtiles) character file.

44 equalderp2856 the Ducker (level 3, -2/19 HPs)
             Began as a Spriggan Fighter on July 22, 2017.
             Slain by a gnoll
             ... wielding a +0 spear
              (8 damage)
             ... on level 2 of the Dungeon.
             The game lasted 00:03:50 (1337 turns).

equalderp2856 the Ducker (Spriggan Fighter)         Turns: 1337, Time: 00:03:51

Health: -2/19      AC:  2    Str: 13    XL:     3   Next: 41%
Magic:  4/4        EV: 19    Int: 14    God:
Gold:   90         SH: 10    Dex: 15    Spells: 2/2 levels left

rFire    . . .     SeeInvis +   a - +0 rapier
rCold    . . .     Gourm    .   c - +0 buckler
rNeg     . . .     Faith    .   b - +0 robe
rPois    .         Spirit   .   (helmet restricted)
rElec    .         Reflect  +   (no cloak)
rCorr    .         Harm     .   (gloves unavailable)
MR       .....                  (boots unavailable)
Stlth    ++........             g - +4 amulet of reflection
Regen    0.1/turn               h - +5 ring of intelligence
MPRegen  0.1/turn               (no ring)

@: very quick
A: unfitting armour, see invisible, herbivore 3, speed 3, slow metabolism 2
a: no special abilities


You were on level 2 of the Dungeon.
You were not hungry.

You visited 1 branch of the dungeon, and saw 2 of its levels.

You collected 90 gold pieces.

Inventory:

Hand Weapons
 a - a +0 rapier (weapon)
Missiles
 i - 6 exploding tomahawks (quivered)
 j - 44 arrows
 l - 17 sling bullets
 n - 97 stones
Armour
 b - a +0 robe (worn)
 c - a +0 buckler (worn)
 m - a +0 robe
Jewellery
 g - a +4 amulet of reflection (around neck)
 h - a +5 ring of intelligence (left hand)
 q - an uncursed ring of flight {unknown}
Scrolls
 e - a scroll of identify
 k - a scroll of enchant armour {unknown}
 p - a scroll of random uselessness {unknown}
Potions
 d - 3 potions of might
 o - 2 potions of cancellation
Comestibles
 f - 2 bread rations


   Skills:
 + Level 2.7 Fighting
 + Level 2.8 Short Blades
 + Level 4.8 Dodging
 + Level 0.4 Stealth
 + Level 2.6 Shields


You had 2 spell levels left.
You didn't know any spells.

Dungeon Overview and Level Annotations

Branches:
Dungeon (2/15)

Altars:
Nemelex Xobeh

Annotations:
D:2 Jessica


Innate Abilities, Weirdness & Mutations

You are very small and have problems with some larger weapons.
You are too small for most types of armour.
You have supernaturally acute eyesight. (SInv)
You are a herbivore.
You cover ground extremely quickly.
You need consume almost no food.


Message History

You block the gnoll's attack. Jessica hits you.
The gnoll completely misses you. You block the gnoll's attack.
Jessica closely misses you. The gnoll barely misses you.
You hit Jessica.
Jessica is almost dead.
The gnoll hits you but does no damage. Jessica misses you.
The gnoll misses you.
You barely miss Jessica.
Jessica is almost dead.
Jessica casts a spell at you. Pain shoots through your body!
Ouch! That really hurt!
You block the gnoll's attack. The gnoll misses you.
Jessica mumbles some strange words.
Jessica blinks!
The gnoll closely misses you. The gnoll closely misses you.
The hobgoblin completely misses you. You block the gnoll's attack.
The gnoll hits you from afar with a spear!
You die...

########### ...
###.........# ...$
######....#.....g###....
#<.....##...##....%.....
####..####†####..g......
#.##..#'#..##..#.....
#.##....g..##..# ....
#..##.@_.g##..## ###
##..##@g.##..##
##..##.##..##
##..###..## ##.....##
...g....g.....+
.........######
.........# ###......#
#......#


You could see 2 gnolls, Jessica and a hobgoblin.

Vanquished Creatures
  2 oozes (D:1)
  A dart slug (D:1)
  A leopard gecko (D:1)
  3 giant cockroaches (D:1)
  A goblin (D:1)
  3 hobgoblins (D:1)
  8 jackals (D:1)
  2 bats
  3 frilled lizards (D:1)
  2 kobolds (D:1)
  5 rats (D:1)
31 creatures vanquished.

Notes
Turn   | Place    | Note
-------+----------+-------------------------------------------
     0 | D:1      | equalderp2856 the Spriggan Fighter began the quest for the Orb.
     0 | D:1      | Reached XP level 1. HP: 11/11 MP: 2/2
   119 | D:1      | Reached XP level 2. HP: 15/16 MP: 3/3
   395 | D:1      | Reached XP level 3. HP: 19/19 MP: 4/4
  1317 | D:2      | Found a sparkling altar of Nemelex Xobeh.
  1317 | D:2      | Noticed Jessica
  1337 | D:2      | Slain by a gnoll

Action                   || total
-------------------------++-------
Melee: Rapier            ||   106
  Use: Scroll            ||     1
 Stab: Sleeping          ||     1
Armor: Robe              ||     8
Dodge: Dodged            ||    61
Block: Buckler           ||    61
